 Dungeon Crawl Stone Soup version 0.25-a0-365-g7600c65aa0 (webtiles) character file.

Game seed: 16735848533168845603, levelgen mode: deterministic

70 ANON1729 the Slasher (level 4, 0/38 HPs)
             Began as a Barachi Monk on Jan 5, 2020.
             Slain by an adder (3 damage)
             ... on level 3 of the Dungeon.
             The game lasted 00:02:19 (1067 turns).

ANON1729 the Slasher (Barachi Monk)                 Turns: 1067, Time: 00:02:20

Health: 0/38       AC:  2    Str: 13    XL:     4   Next: 22%
Magic:  4/4        EV: 14    Int: 10    God:
Gold:   32         SH:  0    Dex: 15    Spells: 3/3 levels left

rFire    + . .     SeeInvis .   a - +0 falchion
rCold    + . .     Gourm    .   (no shield)
rNeg     . . .     Faith    .   b - +0 robe
rPois    +         Spirit   .   (no helmet)
rElec    +         Reflect  .   (no cloak)
rCorr    +         Harm     .   (no gloves)
MR       .....                  (no boots)
Stlth    ++........             (no amulet)
HPRegen  0.12/turn              (no ring)
MPRegen  0.09/turn              (no ring)

@: about to teleport, resistant, slow
A: +LOS, swims, slowness 1, strong legs 1
a: Hop


You were on level 3 of the Dungeon.
You were not hungry.

You visited 1 branch of the dungeon, and saw 3 of its levels.

You collected 32 gold pieces.

Inventory:

Hand Weapons
 a - a +0 falchion (weapon)
Armour
 b - a +0 robe (worn)
Scrolls
 d - a scroll of random uselessness {unknown}
 e - 2 scrolls of teleportation
 f - a scroll of magic mapping {unknown}
 h - a scroll of remove curse {unknown}
 i - 2 scrolls of identify {unknown}
 j - a scroll of enchant weapon {unknown}
Comestibles
 c - 3 rations


   Skills:
 + Level 4.3 Fighting
 + Level 4.3 Long Blades
 + Level 3.9 Dodging
 + Level 2.6 Stealth


You had 3 spell levels left.
You didn't know any spells.
Your spell library was empty.

Dungeon Overview and Level Annotations

Branches:
Dungeon (2/15)

Altars:
Xom
Zin


Innate Abilities, Weirdness & Mutations

You can be seen from farther away. (+LOS)
You can swim through water.
You cover ground slowly.
You can hop short distances.


Message History

The adder bites you.
* * * LOW HITPOINT WARNING * * *
The adder misses you.
You riposte.
You barely miss the adder.
The adder is lightly wounded.
You barely miss the adder.
The adder is lightly wounded.
The adder barely misses you.
The orc wizard gestures wildly while chanting.
You hit the adder.
The adder is moderately wounded.
The adder bites you.
* * * LOW HITPOINT WARNING * * *
The adder bites you.
* * * LOW HITPOINT WARNING * * *
Unknown command.
You aren't carrying any potions.
As you read the scroll labeled VOKOHA QUTUSHRE, it crumbles to dust.
You feel strangely unstable.
It was a scroll of teleportation.
The adder bites you.
You die...

###
#.#
###.#
#o..#
#.#o#
#.#{#
#S#S#
#.#@#
#)###
#)#
#.#
#.#
#.#
#..
#..
...


You could see an orc wizard and an adder.

Vanquished Creatures
  An orc wizard (D:3)
  An ooze (D:1)
  A dart slug (D:1)
  A leopard gecko (D:3)
  2 orcs (D:3)
  3 giant cockroaches
  4 goblins (D:1)
  A hobgoblin (D:1)
  6 jackals (D:1)
  2 bats (D:1)
  4 frilled lizards
  3 kobolds
  2 rats
31 creatures vanquished.

Notes
Turn   | Place    | Note
-------+----------+-------------------------------------------
     0 | D:1      | ANON1729 the Barachi Monk began the quest for the Orb.
     0 | D:1      | Reached XP level 1. HP: 18/18 MP: 1/1
    51 | D:1      | Reached XP level 2. HP: 15/25 MP: 2/2
   450 | D:1      | Reached XP level 3. HP: 21/30 MP: 3/3
   915 | D:2      | Found a shimmering altar of Xom.
   915 | D:2      | Found a glowing silver altar of Zin.
   915 | D:2      | Noticed an angel
  1016 | D:2      | You fall into a shaft and drop 1 floor!
  1030 | D:3      | Reached XP level 4. HP: 26/37 MP: 4/4
  1067 | D:3      | Slain by an adder

Levels and vault maps discovered:
D:1:      dpeg_arrival_short_road, layout_basic
D:2:      layout_rooms, grunt_temple_overflow_order_and_chaos_1,
          lemuel_blue_sif_altar, first_ration, chequers_ecumenical_altar_grove,
          grunt_decor_clamped, kennysheep_decorative_pillar
D:3:      layout_loops_corners, old_standard_altar,
          nicolae_overflow_hidden_temple

Skill      XL: |  1  2 |
---------------+-------+-----
Stealth        | 2 |  2.6
Fighting       | 4 |  4.3
Long Blades    | 4 |  4.3
Dodging        | |  3.9

Action                   |  1- 3 |  4- 6 || total
-------------------------+-------+-------++-------
Melee: Falchion          |    71 |    21 ||    92
  Use: Potion            |       |     3 ||     3
       Scroll            |       |     1 ||     1
 Stab: Sleeping          |     3 |       ||     3
  Eat: Chunk             |     1 |       ||     1
Armor: Robe              |    13 |     3 ||    16
Dodge: Dodged            |    63 |    21 ||    84
       Rpst.: Falchion   |    19 |     6 ||    25

Table legend:
 A = Non-vault XP
 B = Vault XP
 C = Vault XP percentage of total XP
 D = Non-vault monster count
 E = Vault monster count
 F = Vault count percentage of total count
                 A         B        C        D         E       F
            +---------+---------+-------+---------+---------+-------
      Total |     101 |       0 |   0.0 |      31 |       0 |   0.0
            +---------+---------+-------+---------+---------+-------
        D:1 |      47 |       0 |   0.0 |      23 |       0 |   0.0
        D:2 |       5 |       0 |   0.0 |       4 |       0 |   0.0
        D:3 |      49 |       0 |   0.0 |       4 |       0 |   0.0
            +---------+---------+-------+---------+---------+-------
